 Dungeon Crawl Stone Soup version 0.17.1-3-g152610e (webtiles) character file.

15362 Locuples the Blocker (level 12, -7/96 HPs)
             Began as a Formicid Fighter on Mar 25, 2016.
             Was a Priest of the Shining One.
             Killed from afar by a wretched star (30 damage)
             ... with an orb of energy
             ... on level 2 of the Abyss.
             The game lasted 00:50:46 (8650 turns).

Locuples the Blocker (Formicid Fighter)             Turns: 8650, Time: 00:50:46

Health: -7/96      AC: 23    Str: 33    XL:     12   Next: 56%
Magic:  8/10       EV:  9    Int:  7    God:    the Shining One [***...]
Gold:   567        SH: 14    Dex: 12    Spells: 0 memorised, 11 levels left

rFire  . . .     SeeInvis +     d - +0 battleaxe
rCold  . . .     Clarity  +     I - +1 plate armour
rNeg   + . .     SustAt   +     c - +0 shield
rPois  +         Gourm    .     (helmet unavailable)
rElec  +         Spirit   .     F - +0 cloak
rCorr  .         Warding  .     g - +0 pair of gloves
rMut   .         Stasis   +     O - +1 pair of boots {Stlth+}
MR     +....                    a - amulet of faith
Stlth  ..........               x - ring of sustain attributes
                                u - +6 ring of strength

@: non-regenerating, badly diseased, glowing, somewhat resistant to hostile
enchantments, extremely unstealthy
A: permanent stasis, dig shafts and tunnels, four strong arms, antennae 3,
talons 1, slimy green scales 1, thin skeletal structure 1, clarity, dopey 1, low
mp 1, poison resistance, screaming 1, electricity resistance, spit poison 1,
strong 1, subdued magic 2
a: Dig, Shaft Self, Spit Poison, Divine Shield, Renounce Religion


You were on level 2 of the Abyss.
You worshipped the Shining One.
The Shining One was most pleased with you.
You were hungry.

You visited 1 branch of the dungeon, and saw 11 of its levels.
You visited the Abyss 1 time.

You collected 567 gold pieces.

Inventory:

Hand Weapons
 d - a +0 battleaxe (weapon)
 y - the +6 rapier of Cowardice {antimagic, Str+4}
   (You found it on level 4 of the Dungeon)

   It disrupts the flow of magical energy around spellcasters and certain
   magical creatures (including the wielder).
   It affects your strength (+4).
Armour
 c - a +0 shield (worn)
 g - a +0 pair of gloves (worn)
 F - a +0 cloak (worn)
 I - a +1 plate armour (worn)
 O - a +1 pair of boots of stealth (worn)
Jewellery
 a - an amulet of faith (around neck)
 r - an uncursed amulet of regeneration
 u - a +6 ring of strength (left hand)
 x - a ring of sustain attributes (right hand)
Wands
 m - a wand of random effects (31)
 q - a wand of polymorph (10)
 X - a wand of magic darts (24)
Scrolls
 b - a scroll of random uselessness {unknown}
 f - 3 scrolls of immolation {unknown}
 h - 3 scrolls of remove curse
 i - 4 scrolls of teleportation
 j - 2 scrolls of enchant weapon {unknown}
 k - 4 scrolls of amnesia
 n - 5 scrolls of recharging
 p - 5 scrolls of enchant armour
 P - a scroll of magic mapping {unknown}
 U - a scroll of noise {unknown}
Potions
 w - a potion of beneficial mutation {unknown}
 A - a potion of resistance
 B - a potion of invisibility {unknown}
 C - 3 potions of heal wounds {unknown}
 K - a potion of might
 L - a potion of cancellation {unknown}
 N - a potion of degeneration {unknown}
 S - a potion of curing
 T - a potion of brilliance
 Y - a potion of agility {unknown}
Comestibles
 e - 8 bread rations
 l - 8 beef jerkies
 t - 2 slices of pizza
 D - 5 meat rations
 R - 2 fruits
 W - a royal jelly


   Skills:
 + Level 9.6 Fighting
 * Level 11.0 Axes
 + Level 10.5 Armour
 - Level 1.5 Dodging
 - Level 0.3 Stealth
 + Level 12.9 Shields


You had 11 spell levels left.
You didn't know any spells.

Dungeon Overview and Level Annotations

Branches:
Dungeon (11/15)            Temple (0/1) D:7            Lair (0/8) D:9
    Orc (0/4) D:9

Altars:
Ashenzari
Dithmenos
Elyvilon
Kikubaaqudgha
Nemelex Xobeh
Sif Muna
The Shining One

Shops:
D:11 [

Annotations:
D:3 !^


Innate Abilities, Weirdness & Mutations

You are under a permanent stasis effect.
You can dig through walls and to a lower floor.
Your four strong arms can wield two-handed weapons with a shield.
You have a pair of large antennae on your head (SInv).
You have sharp toenails.
You are partially covered in slimy green scales (AC +2).
You have a somewhat thin skeletal structure (Dex +2, Stealth).
You possess an exceptional clarity of mind.
Your system is resistant to poisons.
You occasionally shout uncontrollably at your foes.
You are resistant to electric shocks.
You can spit weak poison.
Your muscles are strong. (Str +2)
[You are dopey. (Int -2)]
[Your magical capacity is low (-10% MP).]
[Your spells are easier to cast, but less powerful.]


Message History

D - 5 meat rations (gained 1)
Found an ivory wand.
A wretched star comes into view.
The wretched star glows turbulently.
The orb of energy hits you!
The wretched star glows turbulently.
The orb of energy hits you!
The wretched star pulses with an eldritch light!
You feel stupid.
You feel less energetic.
Your connection to magic feels more subdued.
You see here a scroll of amnesia.
The wretched star glows turbulently.
The orb of energy hits you!
The orb of energy explodes!
Found a slice of pizza.
The wretched star glows turbulently.
The orb of energy hits you!
* * * LOW HITPOINT WARNING * * *
The wretched star glows turbulently.
The orb of energy hits you!
You die...

≈≈#..........#
####≈≈≈#......##.#
#...#.≈.#.....# .
#.
≈≈..≈.......#.##
#.≈..≈........../#
## ............#
#≈≈♣≈..##.#.#. ..
.≈..#.....### #
##..≈...?..@.#
..≈≈..##.....*.#
######....##..##.#
#...#...#...#
#.#.#.#.#.#.# #%
## .. ....# # ..
...#≈. #.. #..#.#


You could see a wretched star.

Vanquished Creatures
  The ghost of schorsch312 the Blocker, a journeyman GrFi of Qazlal (D:11)
  A vampire mage (D:11)
  3 skeletal warriors (D:11)
  2 naga magi (D:11)
  Joseph (D:7)
  2 gargoyles
  A komodo dragon (D:9)
  A kobold demonologist (D:11)
  A two-headed ogre (D:9)
  3 trolls
  4 deep elf magi
  A ynoxinul (Abyss:1)
  9 yaks
  Eustachio (D:6)
  2 hippogriffs
  2 hungry ghosts
  Menkaure (D:6)
  Edmund (D:6)
  Duvessa (D:6)
  A black bear (D:9)
  A sky beast (D:7)
  6 orc warriors
  7 ogres
  3 ice beasts
  A necrophage (D:11)
  A phantom (D:6)
  4 giant frogs
  4 centaurs
  5 big kobolds (D:9)
  4 gnoll sergeants (D:9)
  Blork the orc (D:6)
  A wyvern zombie (D:8)
  Dowan (D:6)
  5 scorpions
  A water moccasin skeleton (D:6)
  8 wights
  6 killer bees (D:11)
  3 giant frog zombies
  A human zombie (D:7)
  5 crimson imps
  4 centaur skeletons
  2 jellies
  A giant frog skeleton (D:3)
  7 orc priests
  Ijyb (D:2)
  A centaur zombie (D:6)
  6 worker ants
  4 hounds
  10 orc wizards
  5 iguanas
  A killer bee zombie (D:9)
  2 hound zombies
  3 worker ant zombies
  19 gnolls
  11 adders
  2 oozes
  An adder zombie (D:5)
  2 adder skeletons
  2 worms
  4 giant geckos
  29 orcs
  6 bats
  6 giant cockroaches
  10 hobgoblins
  7 quokkas
  A ball python (D:4)
  8 giant newts
  8 goblins
  5 jackals
  7 kobolds
  A quokka skeleton (D:3)
  A quokka zombie (D:7)
  3 rats
  10 plants
297 creatures vanquished.

Vanquished Creatures (others)
  A human (D:7)
  4 plants (D:9)
5 creatures vanquished.

Grand Total: 302 creatures vanquished

Notes
Turn   | Place    | Note
--------------------------------------------------------------
     0 | D:1      | Locuples the Formicid Fighter began the quest for the Orb.
     0 | D:1      | Reached XP level 1. HP: 18/18 MP: 1/1
   310 | D:1      | Reached XP level 2. HP: 24/24 MP: 2/2
   413 | D:1      | Reached XP level 3. HP: 29/29 MP: 3/3
   418 | D:1      | Reached skill level 4 in Shields
   873 | D:2      | Reached skill level 1 in Dodging
   897 | D:2      | Noticed Ijyb
   911 | D:2      | Killed Ijyb
   911 | D:2      | Reached XP level 4. HP: 37/37 MP: 4/4
  1097 | D:2      | Reached XP level 5. HP: 39/42 MP: 5/5
  1610 | D:3      | Found a glowing golden altar of the Shining One.
  1871 | D:3      | Became a worshipper of the Shining One
  2002 | D:4      | Reached skill level 5 in Shields
  2015 | D:4      | Found an ancient bone altar of Kikubaaqudgha.
  2089 | D:4      | Reached XP level 6. HP: 36/49 MP: 6/6
  2187 | D:4      | Got a translucent rapier
  2188 | D:4      | Identified the +6 rapier of Cowardice {antimagic, Str+4} (You found it on level 4 of the Dungeon)
  2213 | D:4      | Found a sparkling altar of Nemelex Xobeh.
  2440 | D:4      | Reached XP level 7. HP: 40/55 MP: 2/7
  2636 | D:5      | Entered Level 5 of the Dungeon
  2976 | D:5      | Reached skill level 5 in Armour
  3098 | D:5      | You fall through a shaft for 2 floors!
  3098 | D:7      | Noticed Joseph
  3098 | D:7      | Reached * piety under the Shining One
  3109 | D:7      | Gained mutation: You have sharp toenails. [potion of mutation]
  3109 | D:7      | Gained mutation: You have a somewhat thin skeletal structure (Dex +2, Stealth). [potion of mutation]
  3109 | D:7      | Gained mutation: You are resistant to electric shocks. [potion of mutation]
  3116 | D:7      | The Shining One protects you from harm!
  3117 | D:7      | Killed Joseph
  3117 | D:7      | Reached skill level 5 in Fighting
  3117 | D:7      | Reached skill level 6 in Armour
  3117 | D:7      | Reached XP level 8. HP: 16/62 MP: 2/8
  3120 | D:7      | Reached skill level 7 in Shields
  3185 | D:7      | Gained mutation: You occasionally shout uncontrollably at your foes. [potion of mutation]
  3185 | D:7      | Gained mutation: You are clumsy. (Dex -2) [potion of mutation]
  3185 | D:7      | Gained mutation: You are frail (-10% HP). [potion of mutation]
  3186 | D:7      | Lost mutation: You are frail (-10% HP). [potion of mutation]
  3186 | D:7      | Lost mutation: You are clumsy. (Dex -2) [potion of mutation]
  3186 | D:7      | Gained mutation: You possess an exceptional clarity of mind. [potion of mutation]
  3483 | D:7      | Found a staircase to the Ecumenical Temple.
  3812 | D:7      | Found an ancient bone altar of Kikubaaqudgha.
  3814 | D:7      | Noticed a human
  3816 | D:7      | Killed a human
  3936 | D:7      | Reached skill level 8 in Shields
  4151 | D:8      | Reached XP level 9. HP: 53/69 MP: 3/9
  4419 | D:8      | Reached skill level 9 in Shields
  4683 | D:8      | Reached ** piety under the Shining One
  4956 | D:6      | Noticed Blork the orc
  4964 | D:6      | Killed Blork the orc
  5020 | D:6      | Got a twisted robe
  5060 | D:6      | Identified the cursed +1 robe of the Hidden Places {rPois rF+ Str-2} (You found it on level 6 of the Dungeon)
  5124 | D:6      | Noticed Edmund
  5135 | D:6      | Killed Edmund
  5137 | D:6      | Reached skill level 10 in Shields
  5140 | D:6      | Noticed Duvessa
  5148 | D:6      | Noticed Dowan
  5148 | D:6      | Killed Duvessa
  5152 | D:6      | Killed Dowan
  5208 | D:6      | Noticed Eustachio
  5243 | D:6      | Reached XP level 10. HP: 36/77 MP: 3/10
  5277 | D:6      | Killed Eustachio
  5564 | D:6      | Noticed Menkaure
  5567 | D:6      | Killed Menkaure
  5567 | D:6      | Reached skill level 11 in Shields
  5649 | D:6      | Gained mutation: Your muscles are strong. (Str +2) [potion of mutation]
  5649 | D:6      | Gained mutation: You are partially covered in slimy green scales (AC +2). [potion of mutation]
  5649 | D:6      | Gained mutation: [Your spells are a little easier to cast, but a little less powerful.] [potion of mutation]
  5855 | D:6      | Found a shadowy altar of Dithmenos.
  6197 | D:9      | Reached *** piety under the Shining One
  6238 | D:9      | Found Icimaria's Food Shoppe.
  6314 | D:9      | Reached skill level 5 in Axes
  6333 | D:9      | Found a shattered altar of Ashenzari.
  6350 | D:9      | Found a staircase to the Lair.
  6608 | D:9      | Reached XP level 11. HP: 81/86 MP: 11/11
  6687 | D:9      | Found a white marble altar of Elyvilon.
  6882 | D:9      | Found a staircase to the Orcish Mines.
  6883 | D:9      | Reached **** piety under the Shining One
  7150 | D:9      | Reached skill level 12 in Shields
  7199 | D:10     | Entered Level 10 of the Dungeon
  7392 | D:10     | Gained mutation: Your system is resistant to poisons. [potion of mutation]
  7392 | D:10     | Gained mutation: You can spit weak poison. [potion of mutation]
  7478 | D:10     | Reached skill level 10 in Armour
  7792 | D:11     | Noticed a skeletal warrior
  7794 | D:11     | Noticed a skeletal warrior
  7794 | D:11     | Noticed schorsch312's ghost (journeyman GrFi)
  7796 | D:11     | Noticed a skeletal warrior
  7823 | D:11     | Killed a skeletal warrior
  7841 | D:11     | Killed a skeletal warrior
  7876 | D:11     | Killed schorsch312's ghost
  7876 | D:11     | Reached ***** piety under the Shining One
  7876 | D:11     | Reached XP level 12. HP: 84/95 MP: 12/12
  7906 | D:11     | Killed a skeletal warrior
  7963 | D:11     | Found Suimol's Armour Shoppe.
  7970 | D:11     | Reached skill level 10 in Axes
  8421 | D:11     | Noticed a vampire mage
  8435 | D:11     | Killed a vampire mage
  8484 | D:11     | Identified the Handbook of Venomous Conjuration
  8517 | D:11     | Found a deep blue altar of Sif Muna.
  8519 | D:11     | Noticed a deep elf sorcerer
  8530 | D:11     | Cast into the Abyss (a deep elf sorcerer)
  8615 | Abyss:1  | Noticed a rakshasa
  8645 | Abyss:2  | Noticed a wretched star
  8650 | Abyss:2  | Killed from afar by a wretched star

Action                   |  1- 3 |  4- 6 |  7- 9 | 10-12 || total
-------------------------+-------+-------+-------+-------++-------
Melee: War axe           |   110 |   132 |       |       ||   242
       Rapier            |       |    27 |   294 |    62 ||   383
       Battleaxe         |       |       |       |   452 ||   452
Invok: Divine Shield     |       |       |       |     1 ||     1
 Abil: Dig               |     3 |     4 |     1 |       ||     8
  Use: Scroll            |     3 |     2 |     6 |     2 ||    13
       Potion            |       |       |     8 |     3 ||    11
  Eat: Chunk             |       |     6 |    10 |    14 ||    30
       Royal jelly       |       |       |     1 |       ||     1
       Fruit             |       |       |       |     1 ||     1
